 Dungeon Crawl Stone Soup version 0.31-a0-1-g4198be8af4 (webtiles) character file.

Game seed: 12403635134680575463

768 lunkers the Arsonist (level 8, -10/57 HPs)
             Began as a Meteoran Fire Elementalist on Apr 28, 2023.
             Was an Initiate of Sif Muna.
             Splashed by a jelly's acid (11 damage)
             ... on level 5 of the Dungeon on May 1, 2023.
             The game lasted 00:12:28 (2272 turns).

lunkers the Arsonist (Meteoran Fire Elementalist)   Turns: 2272, Time: 00:12:29

Health: -10/57     AC:  4    Str: 10    XL:     8   Next: 30%
Magic:  2/18       EV: 10    Int: 19    God:    Sif Muna [......]
Gold:   257        SH:  0    Dex: 14    Spells: 12/19 levels left

rFire   + . .        b - +2 short sword (protect)
rCold   . . .        (no shield)
rNeg    . . .        h - +2 ring mail {rF+}
rPois   .            k - +0 helmet
rElec   .            (no cloak)
rCorr   .            (no gloves)
SInv    .            (no boots)
Will    ++...        (no amulet)
Stlth   +            f - ring of willpower
HPRegen 0.29/turn    (no ring)
MPRegen 0.16/turn

%: no passive effects
@: corroded, slowed, glowing, very slow
A: sense surroundings 1, otherworldly, glowing, explore regen
a: Renounce Religion


You were on level 5 of the Dungeon.
You worshipped Sif Muna.
Sif Muna was noncommittal.
You visited 1 branch of the dungeon, and saw 5 of its levels.

You collected 257 gold pieces.

Inventory:

Hand Weapons
 b - a +2 short sword of protection (weapon)
Missiles
 x - a throwing net
Armour
 c - an orb of guile
 h - a +2 ring mail of fire resistance (worn)
 k - a +0 helmet (worn)
 n - a +0 helmet
Jewellery
 f - a ring of willpower (left hand)
Wands
 w - a wand of polymorph (15)
Scrolls
 a - 3 scrolls of identify {unknown}
 d - a scroll of enchant weapon {unknown}
 i - 2 scrolls of noise {unknown}
 j - a scroll of enchant armour {unknown}
 m - 2 scrolls of fear {unknown}
 p - a scroll of torment {unknown}
 q - a scroll of teleportation {unknown}
 r - a scroll of magic mapping {unknown}
 s - a scroll of brand weapon {unknown}
Potions
 e - a potion of berserk rage
 g - 2 potions of lignification {unknown}
 l - a potion of invisibility {unknown}
 o - a potion of cancellation {unknown}
 t - a potion of might {unknown}
 v - a potion of degeneration {unknown}


   Skills:
 - Level 2.4 Dodging
 - Level 1.4 Stealth
 + Level 6.3 Spellcasting
 - Level 1.2 Conjurations
 * Level 9.0 Fire Magic


You had 12 spell levels left.
You knew the following spells:

 Your Spells              Type           Power      Damage    Failure   Level
a - Foxfire               Conj/Fire      100%       2x1d9     3%          1
b - Scorch                Fire           80%        2d8       1%          2
c - Flame Wave            Conj/Fire      25%        2d8       32%         4

Your spell library contained the following spells:

 Spells                   Type           Power      Damage    Failure   Level
 Inner Flame              Hex/Fire       23%        N/A       13%         3
 Volatile Blastmotes      Fire/Tloc      46%        2d13      13%         3
 Magic Dart               Conj           40%        1d5       17%         1
 Searing Ray              Conj           20%        2d5       26%         2
 Fulminant Prism          Conj/Hex       4%         3d5       91%         4


Dungeon Overview and Level Annotations

Branches:
Dungeon (5/15) Zot: 705
 Temple: D:4-7

Altars:
Nemelex Xobeh
Sif Muna
Trog
The Shining One

Shops:
D:2 :

Annotations:
D:3 2 transporters, BlasphemerAmon's ghost, weakling DgFi


Innate Abilities, Weirdness & Mutations

You passively map a small area around you.
You are easily found by Zot.
You glow in the dark.
You regain HP and MP as you explore.


Message History

Press: ? - help, Shift-Dir - straight line, f/p - wraith
Aim: a wraith (severely damaged, 68% to hit)
The puff of flame hits the wraith.
The wraith is almost destroyed.
An iguana comes into view.
The wraith hits you but does no damage.
Unknown command.
Unknown command.
Aiming: Throw Flame
Press: ? - help, Shift-Dir - straight line, f/p - wraith
Aim: a wraith (almost destroyed, 68% to hit)
The puff of flame misses the wraith.
The iguana hisses angrily.
The jelly hits you but does no damage. The wraith hits you.
* * * LOW HITPOINT WARNING * * *
The wraith hits you!
* * * LOW HITPOINT WARNING * * *
The jelly hits you but does no damage.
Okay, then.
Aiming: Throw Flame
Press: ? - help, Shift-Dir - straight line, f/p - wraith
Aim: a wraith (almost destroyed, 68% to hit)
The puff of flame hits the wraith but does no damage.
The wraith is almost destroyed.
The now-empty wand crumbles to dust.
The wraith hits you but does no damage. The jelly hits you but does no damage.
Unknown command.
Unknown command.
Okay, then.
The wraith closely misses you. The wraith hits you but does no damage.
The jelly closely misses you. The jelly attacks as you move away!
The jelly barely misses you. The wraith attacks as you move away!
The wraith hits you but does no damage.
Unknown command.
The jelly attacks as you move away!
The jelly hits you but does no damage. x2
The jelly attacks as you move away! The jelly barely misses you.
The jelly hits you.
* * * LOW HITPOINT WARNING * * *
The acid corrodes you!
You are splashed with acid!
You die...

* * ##### #...#
######.<.######...,
, #...............#
* * *
.####[..#.###### *
###...#..######## *
#...............#
#@####.....####.#
##J# ,##...## #.#
#lW# ##.##, ,#.#
#..##, ,#.#, ##.#
#...##,+#.#+,##..#
#....###...###...##
#...)..).8.........
#....###)..###....#
,
#...##,+#.#+,##...#


You could see a wraith, an iguana and a jelly.

Vanquished Creatures
  Duvessa (D:4)
  An ogre (D:5)
  3 lemures (D:3)
  A phantom (D:5)
  A scorpion (D:5)
  Dowan (D:4)
  A jelly (D:4)
  2 orc priests (D:5)
  A hound (D:5)
  Natasha (D:4)
  An iguana (D:5)
  Robin (D:2)
  3 gnolls
  8 adders
  A shadow imp (D:4)
  A worm (D:2)
  9 dart slugs
  9 orcs
  5 ball pythons
  6 bats
  5 endoplasms
  2 giant cockroaches
  14 goblins
  5 hobgoblins
  4 jackals (D:4)
  A quokka (D:4)
  2 frilled lizards
  5 kobolds
  5 rats
100 creatures vanquished.

Vanquished Creatures (others)
  249 foxfires
  2 fungi (D:2)
251 creatures vanquished.

Grand Total: 351 creatures vanquished

Notes
Turn   | Place    | Note
-------+----------+-------------------------------------------
     0 | D:1      | lunkers the Meteoran Fire Elementalist began the quest for
                  | the Orb.
     0 | D:1      | Reached XP level 1. HP: 14/14 MP: 5/5
   120 | D:1      | Reached skill level 4 in Fire Magic
   120 | D:1      | Reached XP level 2. HP: 20/20 MP: 4/7
   123 | D:1      | Learned a level 2 spell: Scorch
   299 | D:1      | Reached XP level 3. HP: 26/26 MP: 5/8
   500 | D:1      | Glimpsed the power of Zot.
   669 | D:2      | Reached XP level 4. HP: 33/33 MP: 4/10
   755 | D:2      | Found Ciecvuoz's Vocational Training.
   762 | D:2      | Reached skill level 5 in Fire Magic
   900 | D:3      | Noticed Robin
   900 | D:3      | Found a transporter.
   958 | D:2      | Reached XP level 5. HP: 25/38 MP: 3/11
  1010 | D:2      | Killed Robin
  1024 | D:2      | Upgraded the game from 0.30-a0-1163-gf69bf04e7a to
                  | 0.31-a0-1-g4198be8af4
  1450 | D:3      | Noticed BlasphemerAmon's ghost (weakling DgFi)
  1458 | D:3      | Found a transporter.
  1508 | D:3      | Reached skill level 6 in Fire Magic
  1533 | D:4      | Noticed a lemure
  1533 | D:4      | Noticed a lemure
  1533 | D:4      | Noticed a lemure
  1540 | D:4      | Reached XP level 6. HP: 45/45 MP: 3/13
  1580 | D:3      | HP: 1/45 [lemure[Pikel] (5)]
  1625 | D:3      | Found a sparkling altar of Nemelex Xobeh.
  1816 | D:4      | Noticed Natasha
  1821 | D:4      | Killed Natasha
  1887 | D:4      | Found a shimmering blue altar of Sif Muna.
  1887 | D:4      | Found a glowing golden altar of the Shining One.
  1893 | D:4      | Noticed Dowan
  1898 | D:4      | Noticed Duvessa
  1905 | D:4      | Killed Dowan
  1906 | D:4      | Reached skill level 5 in Spellcasting
  1906 | D:4      | Reached skill level 7 in Fire Magic
  1916 | D:4      | Killed Duvessa
  1917 | D:4      | Reached XP level 7. HP: 31/50 MP: 0/15
  1937 | D:4      | Became a worshipper of Sif Muna the Loreminder
  2043 | D:5      | Entered Level 5 of the Dungeon
  2106 | D:5      | Found a bloodstained altar of Trog.
  2136 | D:5      | Reached skill level 8 in Fire Magic
  2144 | D:5      | HP: 2/50 [orc priest/divine providence (13)]
  2182 | D:5      | Learned a level 4 spell: Flame Wave
  2245 | D:5      | Reached XP level 8. HP: 57/57 MP: 14/18
  2247 | D:5      | Noticed a wraith
  2261 | D:5      | Reached skill level 9 in Fire Magic
  2266 | D:5      | HP: 1/57 [wraith (8)]
  2272 | D:5      | HP: 1/57 [jelly (2)]
  2272 | D:5      | Splashed by a jelly's acid

Illustrated notes

Levels and vault maps discovered:
D:1:      psy_arrival_statuary, layout_basic, amcnicky_mini_pool_small
D:2:      minmay_razor_zed, layout_loops_corners, dreamdust_mushroom_princess,
          nicolae_shop_vocational
D:3:      layout_basic, mainiacjoe_overflow_concentric_impassable,
          gammafunk_ghost_arena, uniq_robin
D:4:      layout_gridville, mainiacjoe_overflow_large_starburst, uniq_duvessa,
          uniq_pikel, uniq_natasha
D:5:      cheibrodos_barr_body, layout_rooms,
          mainiacjoe_overflow_catch_the_wave, uniq_prince_ribbit1

Skill      XL: |  1  2  3  4  5  6  7  8 |
---------------+-------------------------+-----
Spellcasting   | 3 4 5 6 |  6.3
Fire Magic     | 4 5 6 7 8 9 |  9.0
Dodging        | |  2.4
Stealth        | |  1.4
Conjurations   | |  1.2

Action                     |  1- 3 |  4- 6 |  7- 9 || total
---------------------------+-------+-------+-------++-------
  Melee: Unarmed           |    21 |    28 |       ||    49
         Punch             |       |     1 |     1 ||     2
         Short sword       |       |       |     5 ||     5
   Cast: Foxfire           |    22 |    81 |    38 ||   141
         Scorch            |    17 |    41 |    13 ||    71
  Evoke: Wand              |       |       |     7 ||     7
    Use: Potion            |       |     2 |       ||     2
 Armour: Robe              |     1 |       |       ||     1
         Ring mail         |    24 |    90 |    35 ||   149
  Dodge: Dodged            |    13 |    85 |    26 ||   124

Table legend: (Time is in decaauts)
 A = Elapsed time spent in this place.
 B = Non-inter-level travel time spent in this place.
 C = Inter-level travel time spent in this place.
 D = Time resting spent in this place.
 E = Time spent auto-exploring this place.
 F = Levels seen in this place.
 G = Mean time per level.
                   A        B        C        D        E       F      G
               +--------+--------+--------+--------+--------+-----+--------+
         Total |   2292 |   2218 |     74 |      0 |   1205 |   5 |  458.4 |
       Dungeon |   2292 |   2218 |     74 |      0 |   1205 |   5 |  458.4 |
               +--------+--------+--------+--------+--------+-----+--------+

Top non-repeatable levels by time:
     D:2: 683 daAuts
     D:3: 576 daAuts
     D:1: 519 daAuts
     D:4: 299 daAuts
     D:5: 213 daAuts
